 Dungeon Crawl Stone Soup version 0.29-a0-371-g91724d5b39 (webtiles) character file.

Game seed: 3309228156978574445

6 happo123 the Digger (level 1, 0/10 HPs)
             Began as a Gargoyle Earth Elementalist on May 2, 2022.
             Was a Follower of Cheibriados.
             Slain by a kobold
             ... wielding a +0 club
              (1 damage)
             ... on level 1 of the Dungeon.
             The game lasted 00:03:38 (167 turns).

happo123 the Digger (Gargoyle Earth Elementalist)    Turns: 167, Time: 00:03:38

Health: 0/10       AC:  4    Str: 13    XL:     1   Next: 90%
Magic:  0/3        EV: 12    Int: 17    God:    Cheibriados [*.....]
Gold:   32         SH:  0    Dex: 12    Spells: 3/4 levels left

rFire   . . .      SeeInvis .   (no weapon)
rCold   . . .      Faith    .   (no shield)
rNeg    + . .      Spirit   .   b - +0 robe
rPois   ∞          Reflect  .   (no helmet)
rElec   +          Harm     .   (no cloak)
rCorr   .          Rampage  .   (no gloves)
Will    .....                   (no boots)
Stlth   ++........              (no amulet)
HPRegen 0.03/turn               (no ring)
MPRegen 0.08/turn               (no ring)

@: very slow
A: sickness immunity, AC +2, negative energy resistance 1, electricity
resistance, torment resistance 1, petrification resistance
a: Renounce Religion, Bend Time


You were on level 1 of the Dungeon.
You worshipped Cheibriados.
Cheibriados was aware of your devotion.
You visited 1 branch of the dungeon, and saw 1 of its levels.

You collected 32 gold pieces.

Inventory:

Missiles
 a - 31 stones
Armour
 b - a +0 robe (worn)
Potions
 c - a potion of magic
 f - a potion of curing {unknown}
 g - a potion of brilliance {unknown}


   Skills:
 + Level 1.6 Dodging
 + Level 2.3 Stealth
 + Level 2.1 Spellcasting
 + Level 0.9 Transmutations
 + Level 3.7 Earth Magic


You had 3 spell levels left.
You knew the following spells:

 Your Spells              Type           Power      Damage    Failure   Level
a - Sandblast             Erth           28%        2d8       4%          1

Your spell library contained the following spells:

 Spells                   Type           Power      Damage    Failure   Level
 Passwall                 Tmut/Erth      7%         N/A       11%         2
 Stone Arrow              Conj/Erth      16%        3d8       26%         3
 Ignite Poison            Fire/Tmut/Pois 2%         N/A       45%         3
 Conjure Flame            Conj/Fire      1%         6-21      50%         3
 Petrify                  Tmut/Erth      9%         N/A       58%         4
 Sticky Flame             Conj/Fire      1%         2d3       88%         4


Dungeon Overview and Level Annotations

Branches:
Dungeon (1/15)

Altars:
Cheibriados


Innate Abilities, Weirdness & Mutations

You are immune to sickness and miasma.
Your stone body is resilient. (AC +2)
You are immune to poison.
You resist negative energy. (rN+)
You are resistant to electric shocks. (rElec)
You are resistant to unholy torment.
You are immune to petrification.


Message History

You see here a quokka corpse.
g - a viscous ruby potion A kobold comes into view.
It is wielding a +0 club.
Found a stone staircase leading down.
The kobold shouts!
A bat comes into view.
Aiming: Sandblast (safe; 4% risk of failure)
Press: ? - help, Q - select action, (/) - cycle Shift-Dir - straight line, f - kobold
Aim: a kobold, wielding a +0 club (74% to hit)
The blast of sand hits the kobold but does no damage.
Aiming: Sandblast (safe; 4% risk of failure)
Press: ? - help, Q - select action, (/) - cycle Shift-Dir - straight line, f/p - kobold
Aim: a kobold, wielding a +0 club (74% to hit)
The blast of sand misses the kobold.
The blast of sand misses the bat.
The bat hits you but does no damage.
A ball python comes into view.
Aiming: Sandblast (safe; 4% risk of failure)
Press: ? - help, Q - select action, (/) - cycle Shift-Dir - straight line, f/p - kobold
Aim: a kobold, wielding a +0 club (74% to hit)
The blast of sand misses the kobold.
The bat misses you. The bat hits you but does no damage.
The kobold hits you but does no damage.
You barely miss the kobold. The bat hits you.
The kobold hits you with a +0 club. The kobold attacks as you move away!
The kobold completely misses you. The bat hits you but does no damage.
The kobold hits you with a +0 club.
* * * LOW HITPOINT WARNING * * *
The kobold attacks as you move away! The kobold hits you but does no damage.
The bat closely misses you.
As you read the scroll labelled JATADD URYTZUOS, it crumbles to dust.
It is a scroll of identify.
Okay, then.
The bat hits you.
* * * LOW HITPOINT WARNING * * *
The kobold closely misses you.
As you read the scroll labelled XEMIHE LAOLL, it crumbles to dust.
It is a scroll of brand weapon.
You aren't carrying any weapons that can be branded.
The kobold hits you with a +0 club.
You die...

....... ...#............ >
.....##......#.#.###### ..
.....#.#..#.#.#..# ...
#.#..#.#..#......# #
#..#.#..............# #
#.....#...#........## ..
#..∩..♣..∩..♣..8.##.# #
#..KSb..............#
#.###...@................
#..†...♣..∩.._..♣...#####
#..#.#...............#
#....................#
#..#.##8..8..∩..∩..8...
#..##.##...............?.
#..##.#...................
#..#....8).∩..∩.....8.....
#.......................


You could see a bat, a ball python and a kobold.

Vanquished Creatures
  2 endoplasms (D:1)
  A quokka (D:1)
  A ball python (D:1)
  A frilled lizard (D:1)
  A rat (D:1)
6 creatures vanquished.

Notes
Turn   | Place    | Note
-------+----------+-------------------------------------------
     0 | D:1      | happo123 the Gargoyle Earth Elementalist began the quest
                  | for the Orb.
     0 | D:1      | Reached XP level 1. HP: 10/10 MP: 3/3
    78 | D:1      | Found a faded altar of an unknown god.
   130 | D:1      | Prayed at the altar of an unknown god.
   130 | D:1      | Became a worshipper of Cheibriados the Contemplative
   130 | D:1      | Reached * piety under Cheibriados
   167 | D:1      | Slain by a kobold

Illustrated notes

Levels and vault maps discovered:
D:1:      lemuel_arrival_broad_hall, layout_rooms,
          hellmonk_ecumenical_altar_arch_garden, st_stairs_11,
          roderic_roman_lattice, minmay_heptomino_d4

Action                   || total
-------------------------++-------
Melee: Unarmed           ||     2
 Cast: Sandblast         ||     9
  Use: Scroll            ||     2
Armor: Robe              ||     6
Dodge: Dodged            ||     4

Table legend: (Time is in decaauts)
 A = Elapsed time spent in this place.
 B = Non-inter-level travel time spent in this place.
 C = Inter-level travel time spent in this place.
 D = Time resting spent in this place.
 E = Time spent auto-exploring this place.
 F = Levels seen in this place.
 G = Mean time per level.
                   A        B        C        D        E       F      G
               +--------+--------+--------+--------+--------+-----+--------+
         Total |    177 |     86 |     91 |     26 |      0 |   1 |  177.0 |
       Dungeon |    177 |     86 |     91 |     26 |      0 |   1 |  177.0 |
               +--------+--------+--------+--------+--------+-----+--------+

Top non-repeatable levels by time:
     D:1: 177 daAuts
